 Dungeon Crawl Stone Soup version 0.27-a0-920-gb2bd10914a (webtiles) character file.

Game seed: 17294403773806374611

277393 Lugonue the Warrior (level 20, -4/140 HPs)
             Began as a Tengu Monk on Apr 8, 2021.
             Was the Champion of Okawaru.
             Slain by a peacekeeper (9 damage)
             ... while petrified by a catoblepas
             ... on level 2 of the Vaults on Apr 9, 2021.
             The game lasted 01:55:02 (38580 turns).

Lugonue the Warrior (Tengu Monk)                   Turns: 38580, Time: 01:55:03

Health: -4/140     AC: 28    Str: 23      XL:     20   Next: 39%
Magic:  27/32      EV:  2    Int: 12      God:    Okawaru [******]
Gold:   809        SH:  0    Dex: 18 (19) Spells: 11/33 levels left

rFire    + . .     SeeInvis .   a - +6 demon blade (vamp)
rCold    . . .     Faith    .   t - +1 kite shield {AC+3}
rNeg     + + +     Spirit   .   n - +8 scale mail "Ditzikube" {+Blink Fly rF+}
rPois    ∞         Reflect  +   p - +1 hat {Will+}
rElec    .         Harm     .   X - +0 cloak {rPois}
rCorr    .         Rampage  .   I - +1 pair of gloves {archery}
Will     +....                  (boots unavailable)
Stlth    ++........             S - amulet of reflection
HPRegen  0.33/turn              u - +6 ring of strength
MPRegen  0.23/turn              U - +4 ring of protection

@: mighty, petrified, weak-willed, on berserk cooldown, flying quickly and
evasively, slowed, studying 3 skills, quick
A: beak, talons 3, nimble flight
}: 2/15 runes: serpentine, barnacled
a: Renounce Religion, Evoke Blink, Heroism, Finesse


You were on level 2 of the Vaults.
You worshipped Okawaru.
Okawaru was exalted by your worship.
You visited 7 branches of the dungeon, and saw 34 of its levels.
You also visited: Ossuary, Ice Cave and Volcano.

You collected 3228 gold pieces.
You spent 2419 gold pieces at shops.

Inventory:

Hand Weapons
 a - a +6 vampiric demon blade (weapon)
 x - a +3 scimitar of flaming
Missiles
 m - 5 curare-tipped darts
 q - 8 boomerangs of dispersal
 D - 25 javelins (quivered)
 M - 21 atropa-tipped darts
 W - 19 silver javelins
 Z - 6 throwing nets
Armour
 n - the +8 scale mail "Ditzikube" (worn) {+Blink Fly rF+}
   (You bought it in a shop on level 9 of the Dungeon)

   It protects you from fire.
   It grants you flight.
   It lets you blink.
 p - a +1 hat of willpower (worn)
 t - a +1 kite shield of protection (worn)
 I - a +1 pair of gloves of archery (worn)
 X - a +0 cloak of poison resistance (worn)
Jewellery
 b - a ring of poison resistance
 u - a +6 ring of strength (left hand)
 y - a +6 ring of intelligence
 S - an amulet of reflection (around neck)
 U - a +4 ring of protection (right hand)
Wands
 e - a wand of flame (19)
 i - a wand of iceblast (26)
 o - a wand of paralysis (22)
 r - a wand of acid (6)
 v - a wand of mindburst (10)
 V - a wand of polymorph (8)
Scrolls
 d - 13 scrolls of identify
 j - 2 scrolls of enchant armour
 s - 10 scrolls of teleportation
 w - 2 scrolls of fog
 C - 4 scrolls of amnesia
 G - 3 scrolls of magic mapping
 O - 3 scrolls of silence
Potions
 c - 2 potions of cancellation
 f - 6 potions of brilliance
 g - a potion of invisibility
 h - 8 potions of curing
 k - 2 potions of berserk rage
 l - 4 potions of mutation
 A - 3 potions of might
 B - 4 potions of attraction
 E - 3 potions of magic
 F - 4 potions of heal wounds
 Q - 5 potions of ambrosia
 Y - 3 potions of haste
Miscellaneous
 z - a condenser vane (inert)
 P - a lightning rod (4/4)


   Skills:
 + Level 19.6 Fighting
 - Level 16.0 Long Blades
 - Level 3.7 Throwing
 - Level 9.4 Armour
 + Level 13.5 Dodging
 - Level 7.0 Stealth
 - Level 15.0 Shields
 * Level 7.4 Spellcasting
 * Level 12.1 Fire Magic
 - Level 10.0 Evocations


You had 11 spell levels left.
You knew the following spells:

 Your Spells              Type           Power      Damage    Failure   Level
a - Ignition              Fire           16%        3d7       100%        8
b - Tornado               Air            2%         N/A       100%        9
c - Fireball              Conj/Fire      9%         3d6       58%         5

Your spell library contained the following spells:

 Spells                   Type           Power      Damage    Failure   Level
 Ignite Poison            Fire/Tmut/Pois 14%        N/A       19%         3
 Animate Skeleton         Necr           8%         N/A       32%         1
 Corona                   Hex            4%         N/A       32%         1
 Freeze                   Ice            16%        1d4       32%         1
 Magic Dart               Conj           16%        1d3       32%         1
 Pain                     Necr           16%        1d4       32%         1
 Sandblast                Erth           8%         2d5       32%         1
 Summon Small Mammal      Summ           16%        N/A       32%         1
 Call Imp                 Summ           4%         N/A       45%         2
 Corpse Rot               Necr/Air       N/A        N/A       45%         2
 Ensorcelled Hibernation  Hex/Ice        8%         N/A       45%         2
 Passwall                 Tmut/Erth      3%         N/A       45%         2
 Searing Ray              Conj           8%         3d3       45%         2
 Call Canine Familiar     Summ           4%         N/A       69%         3
 Confusing Touch          Hex            4%         N/A       69%         3
 Dazzling Flash           Conj/Hex       8%         N/A       69%         3
 Frozen Ramparts          Ice            8%         1d2       69%         3
 Mephitic Cloud           Conj/Pois/Air  4%         N/A       69%         3
 Ozocubu's Armour         Ice            4%         N/A       69%         3
 Static Discharge         Conj/Air       4%         N/A       69%         3
 Stone Arrow              Conj/Erth      8%         3d7       69%         3
 Summon Guardian Golem    Hex/Summ       4%         N/A       69%         3
 Tukima's Dance           Hex            4%         N/A       69%         3
 Vampiric Draining        Necr           2%         2d6       69%         3
 Animate Dead             Necr           2%         N/A       97%         4
 Fulminant Prism          Conj/Hex       2%         3d6       97%         4
 Hailstorm                Conj/Ice       4%         3d4       97%         4
 Iskenderun's Mystic Bla  Conj/Tloc      4%         2d3       97%         4
 Petrify                  Tmut/Erth      4%         N/A       97%         4
 Summon Ice Beast         Ice/Summ       4%         N/A       97%         4
 Summon Lightning Spire   Summ/Air       4%         N/A       97%         4
 Starburst                Conj/Fire      9%         8x6d5     99%         6
 Agony                    Necr           4%         N/A       100%        5
 Irradiate                Conj/Tmut      2%         3d14      100%        5
 Lee's Rapid Deconstruct  Erth           2%         3d5*      100%        5
 Lightning Bolt           Conj/Air       2%         1d13      100%        5
 Metabolic Englaciation   Hex/Ice        2%         N/A       100%        5
 Blade Hands              Tmut           2%         N/A       100%        6
 Conjure Ball Lightning   Conj/Air       2%         3x3d6     100%        6
 Statue Form              Tmut/Erth      2%         N/A       100%        6
 Dragon Form              Tmut           2%         N/A       100%        7
 Shatter                  Erth           2%         3d6*      100%        9


Dungeon Overview and Level Annotations

Branches:
Dungeon (15/15)            Temple (0/1) D:6            Lair (6/6) D:10
 Shoals (4/4) Lair:2        Snake (4/4) Lair:4        Slime (0/5) Lair:6
    Orc (2/2) D:12            Elf (1/3) Orc:2        Vaults (2/5) D:13
 Depths (0/5) D:15        Ossuary (visited)           IceCv (visited)
Volcano (visited)
  Crypt: Vaults:2-3

Altars:
Dithmenos
Elyvilon
Fedhas
Hepliaklqana
Kikubaaqudgha
Okawaru
Qazlal
Sif Muna
Trog
Uskayaw
Vehumet
Wu Jian
Beogh

Shops:
D:7 (   D:9 [   Orc:2 =[!(:   Elf:1 [

Annotations:
Lair:4 exclusion: oklob plant
Shoals:2 1 runed translucent door, Guqom's ghost, journeyman MiBe
Shoals:3 3 runed translucent doors, Weimiffu's ghost, adept DDEE
Shoals:4 Nikola
Snake:1 3 runed translucent doors, Zanta616's ghost, adept MiGl
Snake:2 1 transporter
Vaults:2 2 transporters


Innate Abilities, Weirdness & Mutations

You have a beak for a mouth.
You have claws for feet.
Your magical nature lets you fly swiftly and evasively.


Message History

You slice the catoblepas!! You claw the catoblepas. You peck the catoblepas.
The catoblepas is heavily wounded.
The vault guard completely misses you.
Unknown command.
You slash the catoblepas! You claw the catoblepas! You peck the catoblepas!
The catoblepas is almost dead.
You are no longer berserk.
You are exhausted.
You feel yourself slow down. You block the peacekeeper's attack. x2
The phantasmal warrior hits you!!!
* * * LOW HITPOINT WARNING * * *
The catoblepas breathes a plume of calcifying dust at you.
The blast of calcifying dust hits you.
* * * LOW HITPOINT WARNING * * *
You fail to use your ability.
You are engulfed in calcifying dust.
You are slowing down.
The peacekeeper closely misses you. x2
The vault guard hits you but does no damage.
The phantasmal warrior hits you but does no damage.
The peacekeeper barely misses you.
The peacekeeper claws you but does no damage.
The catoblepas gores you!
* * * LOW HITPOINT WARNING * * *
The vault guard hits you with a +0 war axe!
* * * LOW HITPOINT WARNING * * *
Okay, then.
Unknown command.
Okay, then.
Blink to where?
Press: ? - help, Dir - move target
As you read the scroll of blinking, it crumbles to dust.
The catoblepas changes into an azure jelly!
The peacekeeper hurls a volley of spikes at you.
The volley of spikes hits you but does no damage.
You have turned to stone.
The phantasmal warrior blinks!
The peacekeeper completely misses you.
The peacekeeper claws you but does no damage.
The peacekeeper bites you!!
You die...

##...#####...##
##.....©)©.....#
#.......))(.....#
#.....#..W#.....# #
#....##pJ.##....#
#.##.©...#.#...©.##.
#..#......#......#..
#..#.©8..#.#...©.#..
#..#.@.##p..##...#..
#.##....#...#....##
#.#.......).....?.#
# #......©.©......#
####+#######+####
#⌠! #.©.# )⌠# #=[
#...# .!#
.#####♣.♣#####.
...............


You could see an azure jelly shaped shifter, a vault guard, a phantasmal warrior
(strong) and a peacekeeper.

Vanquished Creatures
  Jorgrun (D:12)
  Frances (D:13)
  Polyphemus (Shoals:2)
  A sphinx (Vaults:1)
  2 frost giants
  Donald (Vaults:1)
  9 nagarajas (Snake:4)
  4 vault wardens
  A stone giant (Vaults:2)
  A ghoul (D:15)
  A very ugly thing (D:15)
  4 ironbound preservers (Vaults:2)
  Azrael (D:13)
  A red draconian (Volcano)
  2 entropy weavers (Vaults:1)
  A dire elephant (Vaults:1)
  2 deep elf death magi
  3 merfolk javelineers
  5 merfolk impalers
  Snorg (D:13)
  2 crystal guardians (Vaults:2)
  2 great orbs of eyes
  5 yaktaur captains
  16 naga warriors
  3 ironbound thunderhulks
  10 vault guards
  4 boulder beetles
  3 ogre magi
  Erica (D:11)
  A peacekeeper (Vaults:2)
  9 hydras
  A merfolk avatar (Shoals:4)
  2 alligator snapping turtles (Shoals:3)
  3 catoblepae
  4 ironbound frosthearts
  5 merfolk aquamancers
  18 anacondas
  5 centaur warriors
  12 two-headed ogres
  13 death yaks
  3 dancing weapons (Elf:1)
  2 satyrs (Shoals:3)
  4 orc high priests (Orc:2)
  3 ironbound beastmasters
  5 shock serpents
  2 deep elf knights (Elf:1)
  10 naga sharpshooters
  3 salamander mystics (Snake:4)
  3 skeletal warriors (D:15)
  A goliath frog (shapeshifter) (Vaults:2)
  2 deep trolls (Vaults:2)
  5 sea snakes
  3 deep elf archers (Elf:1)
  3 lindwurms
  8 naga ritualists
  10 ironbound convokers
  5 wizards
  Pikel (D:6)
  5 orc knights
  A swamp dragon (shapeshifter) (D:15)
  4 deep elf zephyrmancers (Elf:1)
  12 harpies
  6 deep elf pyromancers
  3 mana vipers
  3 orc sorcerers
  18 fauns
  A wolf spider zombie (D:15)
  A shining eye (shapeshifter) (Vaults:2)
  4 cyclopes
  10 ugly things
  Maurice (D:11)
  13 manticores
  6 elephants (Lair:4)
  6 merfolk sirens
  11 salamanders
  10 guardian serpents (Snake:4)
  14 naga magi
  2 molten gargoyles (Volcano)
  4 vault sentinels
  28 black mambas
  A torpor snail (Lair:5)
  11 cane toads
  7 water nymphs
  2 unseen horrors
  4 rime drakes
  2 freezing wraiths
  12 yaktaurs
  8 komodo dragons
  A redback zombie (D:15)
  4 kobold demonologists
  27 merfolk
  6 meliai
  A hornet (D:9)
  10 trolls
  5 wind drakes
  A queen bee (D:14)
  A queen bee (shapeshifter) (D:13)
  28 polar bears
  19 slime creatures
  A raiju (Lair:6)
  A blink frog (Lair:3)
  9 snapping turtles
  15 dream sheep
  A shadow (D:12)
  4 redbacks (Vaults:1)
  2 wraiths
  3 water elementals
  7 wyverns
  7 basilisks
  3 fire bats (Volcano)
  69 yaks
  3 fire elementals (D:13)
  2 steam dragons
  4 vampire mosquitoes
  7 wargs
  46 nagas
  Edmund (D:4)
  2 acid dragons
  23 water moccasins
  Duvessa (D:6)
  19 hell hounds
  13 black bears
  32 orc warriors
  8 ice beasts (D:15)
  A necrophage (D:7)
  A sky beast (shapeshifter) (D:11)
  3 ogres (Orc:2)
  50 wolves
  9 centaurs
  2 lemures (D:6)
  A phantom (D:4)
  An elf zombie (Ossuary)
  3 kobold brigands
  12 bullfrogs
  A wyvern zombie (D:5)
  2 earth elementals (Elf:1)
  A gnoll sergeant (D:9)
  3 scorpions
  Dowan (D:6)
  A water moccasin zombie (D:7)
  2 wyvern skeletons
  20 killer bees
  3 electric eels
  4 howler monkeys
  10 centaur zombies
  24 orc priests
  Crazy Yiuf (D:2)
  A bullfrog skeleton (D:5)
  2 human zombies (Ossuary)
  A jelly (D:7)
  Natasha (twice) (D:2)
  28 orc wizards
  5 hell rats (Lair:6)
  A killer bee zombie (D:9)
  A hound zombie (D:5)
  7 mummies
  A howler monkey zombie (D:9)
  6 gnolls
  6 adders
  4 river rats (D:5)
  A shadow imp (D:6)
  A white imp (D:7)
  An adder zombie (Ossuary)
  2 worms (D:5)
  3 dart slugs
  59 orcs
  5 ball pythons
  8 endoplasms
  4 giant cockroaches
  10 goblins
  5 hobgoblins
  4 jackals (D:3)
  2 quokkas (D:2)
  A bat (D:2)
  2 frilled lizards (D:1)
  3 goblin zombies (Ossuary)
  A hobgoblin zombie (Ossuary)
  18 kobolds
  A kobold zombie (Ossuary)
  7 rats
  3 rat zombies (Ossuary)
  2 butterflies (Lair:5)
1195 creatures vanquished.

Vanquished Creatures (others)
  A naga sharpshooter (Snake:4)
  A wizard (Vaults:1)
  2 black mambas
  A merfolk (Shoals:4)
  An ogre (D:15)
  2 killer bees (D:8)
  26 fungi
  135 plants
  2 withered plants (D:15)
171 creatures vanquished.

Grand Total: 1366 creatures vanquished

Notes
Turn   | Place    | Note
-------+----------+-------------------------------------------
     0 | D:1      | Lugonue the Tengu Monk began the quest for the Orb.
     0 | D:1      | Reached XP level 1. HP: 14/14 MP: 2/2
   302 | D:1      | Reached XP level 2. HP: 15/19 MP: 3/3
   708 | D:1      | Reached XP level 3. HP: 23/23 MP: 4/4
   739 | D:1      | Found a faded altar of an unknown god.
  1429 | D:2      | Reached XP level 4. HP: 18/28 MP: 5/5
  1677 | D:2      | Noticed Natasha
  1681 | D:2      | Killed Natasha
  2049 | D:2      | Found a runed translucent door.
  2050 | D:2      | Noticed Crazy Yiuf
  2132 | D:2      | Identified a scroll of acquirement
  2134 | D:2      | Acquired the +7 double sword "Atorphidgh" {vorpal, rC+
                  | Str+4}
  2149 | D:2      | Killed Crazy Yiuf
  2150 | D:2      | Gained mutation: Your magical nature lets you fly swiftly
                  | and evasively. [Tengu growth]
  2150 | D:2      | Reached XP level 5. HP: 22/33 MP: 6/6
  2303 | D:2      | Noticed Natasha
  2309 | D:2      | Killed Natasha
  2455 | D:2      | Found a radiant altar of Vehumet.
  2686 | D:3      | You are sucked into a shaft and drop 1 floor!
  2724 | D:4      | Noticed a phantom
  2725 | D:4      | Noticed a sky beast
  2739 | D:4      | Killed a phantom
  2740 | D:4      | Reached skill level 5 in Long Blades
  2740 | D:4      | Reached XP level 6. HP: 22/38 MP: 7/7
  3034 | D:4      | Found an iron altar of Okawaru.
  3048 | D:4      | Noticed Edmund
  3050 | D:4      | Became a worshipper of Warmaster Okawaru
  3050 | D:4      | Reached * piety under Okawaru
  3050 | D:4      | Reached ** piety under Okawaru
  3065 | D:4      | Killed Edmund
  3066 | D:4      | Reached skill level 4 in Fighting
  3290 | D:5      | Entered Level 5 of the Dungeon
  3426 | D:5      | Reached XP level 7. HP: 34/43 MP: 8/8
  3516 | D:5      | Acquired a +1 buckler of protection
  3566 | D:5      | Reached *** piety under Okawaru
  3784 | D:5      | Found an ancient bone altar of Kikubaaqudgha.
  3785 | D:5      | Found a shimmering blue altar of Sif Muna.
  4497 | D:6      | Reached XP level 8. HP: 48/48 MP: 9/9
  4526 | D:6      | Found a staircase to the Ecumenical Temple.
  4587 | D:6      | Noticed Duvessa
  4594 | D:6      | Noticed Dowan
  4616 | D:6      | Killed Duvessa
  4617 | D:6      | Reached skill level 5 in Fighting
  4619 | D:6      | Killed Dowan
  4772 | D:6      | Noticed Pikel
  4939 | D:6      | Reached skill level 5 in Dodging
  5063 | D:6      | Found a bloodstained altar of Trog.
  5064 | D:6      | Found a blossoming altar of Fedhas.
  5320 | D:6      | Killed Pikel
  5320 | D:6      | Reached **** piety under Okawaru
  5321 | D:6      | Reached skill level 10 in Long Blades
  5321 | D:6      | Reached XP level 9. HP: 50/54 MP: 10/10
  5673 | D:7      | Identified the +3 long sword "Teas" {vorpal, Will- Str-3
                  | Int+9 Dex+4}
  5729 | D:7      | Found Tumiudi's Antique Weapon Emporium.
  5890 | D:7      | Found an ornate altar of the Wu Jian Council.
  6325 | D:8      | Reached skill level 6 in Fighting
  6625 | D:8      | Found a sand-covered staircase.
  6635 | Ossuary  | Entered an ossuary
  7109 | D:8      | Identified the +9 shortbow of the Dripping Traitor {freeze,
                  | Contam rElec Str+8}
  7236 | D:8      | Reached ***** piety under Okawaru
  7521 | D:8      | Found a shadowy altar of Dithmenos.
  7560 | D:8      | Received a gift from Okawaru
  7561 | D:8      | Reached XP level 10. HP: 61/61 MP: 11/11
  7643 | D:8      | Noticed a +0 short sword
  7643 | D:8      | Noticed a +0 dagger
  7644 | D:8      | Noticed a +0 dagger
  7644 | D:8      | Noticed a +0 spear
  7644 | D:8      | Noticed a +0 falchion
  7644 | D:8      | Noticed a +0 short sword
  7646 | D:8      | Noticed a +0 spear
  7647 | D:8      | Noticed a +0 falchion
  7650 | D:8      | Found a hide-covered altar of Uskayaw.
  7880 | D:8      | Reached skill level 7 in Fighting
  8010 | D:9      | Upgraded the game from 0.27-a0-909-g0721f309d1 to
                  | 0.27-a0-920-gb2bd10914a
  8072 | D:9      | Identified the +1 leather armour of a sewer {rC+++ Str-2}
  8202 | D:9      | Found Lejuph's Armour Boutique.
  8488 | D:9      | Found a white marble altar of Elyvilon.
  8693 | D:9      | Noticed a two-headed ogre
  8698 | D:9      | Killed a two-headed ogre
  8699 | D:9      | Reached skill level 8 in Fighting
  8932 | D:10     | Entered Level 10 of the Dungeon
  8944 | D:10     | Reached XP level 11. HP: 68/68 MP: 12/12
  8996 | D:10     | Noticed a sixfirhy
  9278 | D:10     | Found a staircase to the Lair.
  9335 | D:10     | Noticed a cyclops
  9557 | D:10     | Killed a cyclops
  9557 | D:10     | Received a gift from Okawaru
  9872 | D:10     | Reached skill level 9 in Fighting
  9876 | D:10     | Reached skill level 15 in Long Blades
 10270 | D:10     | Found a radiant altar of Vehumet.
 10270 | D:10     | Found a hazy altar of Hepliaklqana.
 10351 | Lair:1   | Entered Level 1 of the Lair of Beasts
 10680 | Lair:1   | Received a gift from Okawaru
 10777 | Lair:1   | Reached ****** piety under Okawaru
 11207 | Lair:2   | Found a dark tunnel.
 11217 | Volcano  | Entered a volcano
 11271 | Volcano  | Reached XP level 12. HP: 50/76 MP: 13/13
 11275 | Volcano  | Noticed a two-headed ogre
 11281 | Volcano  | Killed a two-headed ogre
 11281 | Volcano  | Received a gift from Okawaru
 11388 | Volcano  | Found a radiant altar of Vehumet.
 11388 | Volcano  | Noticed a two-headed ogre
 11388 | Volcano  | Noticed an ogre mage
 11391 | Volcano  | Noticed a two-headed ogre
 11395 | Volcano  | Killed a two-headed ogre
 11399 | Volcano  | Killed a two-headed ogre
 11400 | Volcano  | Reached skill level 10 in Fighting
 11415 | Volcano  | Killed an ogre mage
 11738 | Volcano  | Noticed a two-headed ogre
 11897 | Volcano  | Killed a two-headed ogre
 11925 | Volcano  | Noticed a red draconian
 11938 | Volcano  | Killed a red draconian
 12118 | Lair:2   | Noticed a catoblepas
 12129 | Lair:2   | Killed a catoblepas
 12129 | Lair:2   | Received a gift from Okawaru
 12130 | Lair:2   | Reached skill level 11 in Fighting
 12312 | Lair:2   | Reached skill level 10 in Dodging
 12653 | Lair:2   | Noticed a five-headed hydra
 12686 | Lair:3   | Noticed a four-headed hydra
 12772 | Lair:2   | Reached XP level 13. HP: 39/85 MP: 14/14
 12988 | Lair:2   | Reached skill level 12 in Fighting
 13130 | Lair:2   | Identified the +4 shortbow "Elod" {vorpal, Str+4} (Okawaru
                  | gifted it to you on level 2 of the Lair of Beasts)
 13130 | Lair:2   | Received a gift from Okawaru
 13785 | Lair:3   | Identified the +4 ring mail "Fiwkuw" {rPois rC+ Int-4}
 13848 | Lair:4   | Reached skill level 1 in Evocations
 13849 | Lair:4   | Reached skill level 13 in Fighting
 14139 | Lair:4   | Received a gift from Okawaru
 14646 | Lair:4   | Reached skill level 1 in Armour
 14869 | Lair:4   | Found a staircase to the Snake Pit.
 15120 | Lair:4   | Identified the +0 ring mail "Gyconag" {Str+5 Slay+6}
 15964 | D:11     | Noticed Maurice
 15988 | D:11     | Killed Maurice
 15989 | D:11     | Reached skill level 1 in Throwing
 16068 | D:11     | Noticed Erica
 16078 | D:11     | Killed Erica
 16078 | D:11     | Received a gift from Okawaru
 16080 | D:11     | Reached skill level 14 in Fighting
 16115 | D:11     | Received a gift from Okawaru
 16869 | D:12     | Found a staircase to the Orcish Mines.
 16923 | D:12     | Reached XP level 14. HP: 22/96 MP: 15/15
 17259 | D:12     | Identified the +0 cloak "Ciavei" {Will+ Regen+} (Okawaru
                  | gifted it to you on level 12 of the Dungeon)
 17259 | D:12     | Received a gift from Okawaru
 17282 | D:12     | Reached skill level 5 in Armour
 17955 | D:12     | Noticed Jorgrun
 17967 | D:12     | Killed Jorgrun
 18501 | D:13     | Reached skill level 5 in Evocations
 18694 | D:13     | Found a gate to the Vaults.
 18754 | D:13     | Reached skill level 1 in Shields
 18956 | D:13     | Noticed Frances
 18972 | D:13     | Killed Frances
 18973 | D:13     | Reached skill level 15 in Fighting
 19051 | D:13     | Received a gift from Okawaru
 19054 | D:13     | Noticed Azrael
 19064 | D:13     | Killed Azrael
 19224 | D:9      | Bought the +8 scale mail "Ditzikube" {+Blink Fly rF+} for
                  | 939 gold pieces
 19394 | Lair:5   | Received a gift from Okawaru
 19416 | Lair:5   | Identified the amulet "Xuifil" {RegenMP rC+}
 19796 | Lair:6   | Entered Level 6 of the Lair of Beasts
 19814 | Lair:6   | Found a staircase to the Slime Pits.
 20075 | Lair:6   | Received a gift from Okawaru
 20085 | Lair:6   | Reached XP level 15. HP: 79/103 MP: 16/16
 20530 | Lair:6   | Received a gift from Okawaru
 20538 | Lair:6   | Reached skill level 16 in Fighting
 21284 | Lair:2   | Found a staircase to the Shoals.
 21311 | Shoals:1 | Entered Level 1 of the Shoals
 21567 | Shoals:1 | Received a gift from Okawaru
 21939 | Lair:3   | Reached skill level 5 in Shields
 22711 | D:14     | You are sucked into a shaft and drop 1 floor!
 22711 | D:15     | Entered Level 15 of the Dungeon
 22712 | D:15     | Noticed a ghoul
 22724 | D:15     | Killed a ghoul
 22928 | D:15     | Found a frozen archway.
 22932 | D:15     | Reached XP level 16. HP: 110/110 MP: 17/17
 22950 | IceCv    | Entered an ice cave
 22970 | IceCv    | Identified the +6 ring mail of the Endless Expanse {rF+
                  | Will+ Stlth+} (Okawaru gifted it to you in an ice cave)
 22970 | IceCv    | Received a gift from Okawaru
 23367 | IceCv    | Reached skill level 10 in Shields
 23619 | D:15     | Found a staircase to the Depths.
 23622 | D:15     | Received a gift from Okawaru
 23706 | D:15     | Found a stormy altar of Qazlal.
 24319 | D:14     | Found an iron altar of Okawaru.
 24333 | D:14     | Received a gift from Okawaru
 25616 | Shoals:2 | Reached XP level 17. HP: 77/115 MP: 18/18
 25772 | Shoals:2 | Noticed Polyphemus
 25796 | Shoals:2 | Killed Polyphemus
 25901 | Shoals:2 | Found a runed translucent door.
 25902 | Shoals:2 | Noticed Guqom's ghost (journeyman MiBe)
 26326 | Shoals:3 | Found a runed translucent gate.
 26326 | Shoals:3 | Found a runed translucent gate.
 26326 | Shoals:3 | Found a runed translucent gate.
 26329 | Shoals:3 | Noticed Weimiffu's ghost (adept DDEE)
 26343 | Shoals:3 | Received a gift from Okawaru
 26391 | Shoals:3 | Received a gift from Okawaru
 27058 | Shoals:3 | Reached skill level 15 in Shields
 27456 | Shoals:4 | Entered Level 4 of the Shoals
 27647 | Shoals:4 | Reached skill level 5 in Stealth
 27764 | Shoals:4 | Noticed Nikola
 27939 | Shoals:4 | Received a gift from Okawaru
 28256 | Shoals:4 | Got a barnacled rune of Zot
 28505 | Vaults:1 | Entered Level 1 of the Vaults
 28521 | Vaults:1 | Learned a level 8 spell: Ignition
 28570 | Vaults:1 | Reached skill level 10 in Evocations
 28727 | Vaults:1 | Reached skill level 1 in Fire Magic
 28782 | Vaults:1 | Reached skill level 1 in Spellcasting
 28787 | Vaults:1 | Noticed a sphinx
 29043 | D:13     | Noticed Snorg
 29053 | D:13     | Killed Snorg
 29494 | Orc:1    | Entered Level 1 of the Orcish Mines
 29562 | Orc:2    | Entered Level 2 of the Orcish Mines
 29562 | Orc:2    | Found a staircase to the Elven Halls.
 29913 | Orc:2    | Reached XP level 18. HP: 83/122 MP: 22/22
 29925 | Orc:2    | Found Fiunt's Distillery.
 29925 | Orc:2    | Found Nazoazud's Book Emporium.
 29928 | Orc:2    | Found Nocan's Antique Weapon Emporium.
 29934 | Orc:2    | Found Vanuonuz's Armour Shoppe.
 29977 | Orc:2    | Bought a book of the Tempests for 1120 gold pieces
 29989 | Orc:2    | Learned a level 9 spell: Tornado
 30154 | Orc:2    | Found Noachixich's Jewellery Shop.
 30161 | Orc:2    | Bought an amulet of reflection for 360 gold pieces
 30351 | Elf:1    | Entered Level 1 of the Elven Halls
 30367 | Elf:1    | Found Fivi's Antique Armour Shop.
 30391 | Elf:1    | Received a gift from Okawaru
 30587 | Elf:1    | Reached skill level 5 in Fire Magic
 30608 | Elf:1    | Received a gift from Okawaru
 31385 | Lair:1   | Learned a level 5 spell: Fireball
 31465 | Snake:1  | Entered Level 1 of the Snake Pit
 31795 | Snake:1  | Reached skill level 17 in Fighting
 31846 | Snake:1  | Found a runed translucent gate.
 31847 | Snake:1  | Found a runed translucent gate.
 31847 | Snake:1  | Noticed Zanta616's ghost (adept MiGl)
 31855 | Snake:1  | Found a runed translucent gate.
 31910 | Snake:1  | Found a shadowy altar of Dithmenos.
 32316 | Snake:2  | Found a transporter.
 32327 | Snake:2  | Found a shimmering blue altar of Sif Muna.
 32861 | Snake:2  | Received a gift from Okawaru
 33364 | Snake:2  | Identified the +4 scale mail of Abstinence {Rampage +Inv
                  | Str-2 Dex+7}
 33661 | Snake:3  | Identified the Incunabulum of Freezing Air
 33747 | Snake:3  | Received a gift from Okawaru
 34295 | Snake:4  | Entered Level 4 of the Snake Pit
 35051 | Snake:4  | Reached skill level 5 in Spellcasting
 35052 | Snake:4  | Reached skill level 18 in Fighting
 35088 | Snake:4  | Received a gift from Okawaru
 35120 | Snake:4  | Reached XP level 19. HP: 74/130 MP: 27/27
 35528 | Snake:4  | Received a gift from Okawaru
 35671 | Snake:4  | Reached skill level 10 in Fire Magic
 35728 | Snake:4  | Received a gift from Okawaru
 36013 | Snake:4  | Got a serpentine rune of Zot
 36751 | Vaults:1 | Received a gift from Okawaru
 36982 | Vaults:1 | Reached skill level 19 in Fighting
 37200 | Vaults:1 | Noticed Donald
 37221 | Vaults:1 | Killed Donald
 37229 | Vaults:1 | Received a gift from Okawaru
 37603 | Vaults:1 | Reached XP level 20. HP: 139/139 MP: 31/31
 38194 | Vaults:2 | Received a gift from Okawaru
 38512 | Vaults:2 | Found a transporter.
 38513 | Vaults:2 | Found a transporter.
 38517 | Vaults:2 | Found a transporter.
 38519 | Vaults:2 | Found a transporter.
 38523 | Vaults:2 | Found a transporter.
 38576 | Vaults:2 | HP: 7/140 [catoblepas (glowing shapeshifter) (10)]
 38576 | Vaults:2 | HP: 3/140 [vault guard/+0 war axe (4)]
 38580 | Vaults:2 | Slain by a peacekeeper

Illustrated notes

Levels and vault maps discovered:
D:1:      tarquinn_simple_flora_water_b, layout_basic,
          shapermc_ecumenical_altar_starsandcircs, nrook_loot_triangle,
          minmay_misc_feat_more_columns
D:2:      layout_loops_ring, basic_altar, dk_noncrumbling_4,
          uniq_crazy_yiuf_cottage, uniq_natasha
D:3:      layout_loops_ring, nicolae_yredelemnul_corpse_copse, uniq_terence
D:4:      layout_cave_pools, lemuel_crystal_altar,
          hangedman_abyss_or_decor_stagger, minmay_door_square,
          amcnicky_mini_corridor_feature, uniq_edmund
D:5:      layout_loops_cross, amethyst_overflow_temple_binary,
          lightli_sewer_entry_pipes, chequers_serial_rivers_small_a,
          kennysheep_generic_room_15
D:6:      layout_basic, gammafunk_temple_overflow_statue,
          minmay_temple_entry_glass, uniq_pikel, uniq_duvessa
D:7:      layout_loops_cross, lemuel_crystal_altar, serial_shops,
          nicolae_shop_statue_plus, minmay_fountain_box
D:8:      layout_basic, nicolae_uskayaw_en_pointe, grunt_dithmenos_smoke,
          nicolae_ossuary_entry_monument, kennysheep_generic_room_6
D:9:      layout_loops_ring, elyvilon_altar_4, serial_shops,
          nicolae_shop_statue_plus
D:10:     layout_big_octagon, gammafunk_temple_overflow_elements,
          lair_entry_dummy, serial_park_tiny_1, ebering_dispersal_statue_hall
D:11:     layout_rooms, serial_glass, glass_columns_a, glass_columns_a,
          minmay_radiant, uniq_erica, uniq_maurice
D:12:     layout_basic, david_orc_5, serial_bayou, serial_bayou_pond_c,
          serial_bayou_crossing, serial_bayou_pond_b, serial_bayou_pond_c,
          uniq_jorgrun
D:13:     layout_cave_pods, grunt_vaults_entry_fortified, uniq_snorg,
          uniq_azrael, uniq_frances
D:14:     layout_roguey, okawaru_ov_weapons_minmay, minivault_7
D:15:     gammafunk_enter_depths_forms, layout_rooms,
          portal_ice_cave_entry_ice_beasts, serial_undead, serial_undead_b,
          serial_undead_f, serial_undead_b, serial_undead_c, serial_undead_b,
          serial_undead_a, nicolae_qazlal_scattered_showers
Lair:1:   layout_regular_city
Lair:2:   layout_misc_corridors, elwin_shoals_entry_stream, enter_volcano_3,
          beast_lair_carwin_7
Lair:3:   layout_big_grid, hangedman_lair_generics_rect
Lair:4:   layout_regular_city, minmay_snake_entry_guardpost_medium,
          minmay_lair_oklob_chamber, grunt_megastairs_3, lemuel_fruit_tree
Lair:5:   layout_hall_layers, serial_bayou_shore_b, lemuel_fruit_fields
Lair:6:   hangedman_lair_caniforms_friends, layout_layer_cave, slime_dummy,
          serial_bayou_shore_b, serial_bayou_shore_a
Shoals:1: layout_shoals
Shoals:2: layout_shoals, gammafunk_ghost_grave, uniq_polyphemus
Shoals:3: cheibrodos_shoals_epimethial_gifts, layout_shoals,
          gammafunk_ghost_split
Shoals:4: shoals_end_simple, layout_shoals, uniq_nikola
Snake:1:  layout_misc_corridors, ebering_ghost_rock_garden, basic_altar
Snake:2:  gammafunk_sealed_library, layout_rooms, nicolae_coiled_stairwell_down
Snake:3:  layout_cave_shapes
Snake:4:  grunt_snake_rune_serpentine_throne, layout_cave_pods,
          serial_bayou_shore_b
Orc:1:    layout_diamond_mine
Orc:2:    st_orc_mages, layout_caves, special_room,
          minmay_shop_enchanted_jewellery
Elf:1:    layout_loops_cross, serial_shops, shop_statue, shop,
          minmay_elf_crystal_heptagon, small_statue_intersection,
          lemuel_upstairs_altar
Vaults:1: nicolae_vaults_mini_display_case, vaults_room_octagon,
          vaults_room_octagon, nicolae_vaults_asterisk, vaults_room_corners,
          ontoclasm_vaults_chip, grunt_vaults_funnel, vaults_room_guarded_vault,
          v_misc_14, layout_vaults_omnigrid, uniq_donald
Vaults:2: v_misc_24, minmay_crypt_entry_skeletal_spiral, gammafunk_the_bubble
          [the_bubble_gammafunk_roulette], vaults_room_boxed,
          nicolae_vaults_yaktaur_gun_rack, vaults_mumra_minichess_inversion,
          serial_ice_g, nicolae_vaults_little_ls, ontoclasm_vaults_pinch,
          nicolae_vaults_little_squares_3, nicolae_vaults_little_squares_4,
          ontoclasm_vaults_eye, vaults_dpeg_diagonal, layout_vaults_omnicross

Skill      XL: |  1  2  3  4  5  6  7  8  9 10 11 12 13 14 15 16 17 18 19 20 |
---------------+-------------------------------------------------------------+-----
Dodging        | 4 5 6 7 8 10 11 13 | 13.5
Long Blades    | 4 5 6 8 10 12 13 15 16 | 16.0
Stealth        | 3 7 |  7.0
Fighting       | 4 5 6 8 9 11 14 15 16 18 19 | 19.6
Evocations     | 4 6 7 10 | 10.0
Armour         | 4 8 9 |  9.4
Throwing       | 2 3 |  3.7
Shields        | 2 7 13 15 | 15.0
Fire Magic     | 4 8 11 12 | 12.1
Spellcasting   | 2 5 6 7 |  7.4

Action                   |  1- 3 |  4- 6 |  7- 9 | 10-12 | 13-15 | 16-18 | 19-21 || total
-------------------------+-------+-------+-------+-------+-------+-------+-------++-------
Melee: Falchion          |    66 |     3 |       |       |       |       |       ||    69
       Kick              |    21 |    12 |    40 |   115 |   384 |   633 |   368 ||  1573
       Peck              |    12 |    11 |    35 |    69 |   272 |   418 |   257 ||  1074
       Scimitar          |       |    11 |       |       |    32 |       |       ||    43
       Double sword      |       |    34 |   144 |   282 |   821 |  1112 |       ||  2393
       Demon blade       |       |       |       |       |       |   193 |   728 ||   921
Throw: Dart              |     3 |       |       |    22 |    32 |    15 |       ||    72
       Javelin           |       |       |       |       |       |    23 |     1 ||    24
Invok: Heroism           |       |     2 |       |    16 |    20 |    38 |    11 ||    87
 Abil: Evoke Blink       |       |       |       |       |     1 |    10 |     7 ||    18
Evoke: Wand              |       |       |     3 |    12 |    19 |    11 |       ||    45
       Condenser vane    |       |       |       |       |       |     4 |     1 ||     5
       Lightning rod     |       |       |       |       |       |       |     1 ||     1
  Use: Scroll            |       |     5 |     9 |     8 |    14 |    15 |     2 ||    53
       Potion            |       |     1 |       |     2 |     1 |     9 |     5 ||    18
 Stab: Sleeping          |     6 |     8 |     2 |     7 |     1 |     6 |     2 ||    32
       Distracted        |       |       |       |     1 |     2 |     1 |       ||     4
       Invisible         |       |       |       |       |       |     4 |       ||     4
       Petrified         |       |       |       |       |       |     2 |       ||     2
       Petrifying        |       |       |       |       |       |     1 |       ||     1
Armor: Robe              |     7 |     3 |    49 |    44 |     7 |       |       ||   110
       Ring mail         |       |       |       |       |    95 |       |       ||    95
       Scale mail        |       |       |       |       |   194 |   275 |   129 ||   598
Dodge: Dodged            |    54 |    37 |   129 |   209 |   701 |   620 |   279 ||  2029
Block: Buckler           |       |       |    28 |    53 |   215 |       |       ||   296
       Kite shield       |       |       |       |       |    74 |   970 |   599 ||  1643
       Reflection        |       |       |       |       |       |    46 |    57 ||   103
       Rpst.: Falchion   |    26 |     2 |       |       |       |       |       ||    28
       Scimitar          |       |     4 |       |       |     2 |       |       ||     6
       Double sword      |       |    10 |    30 |    41 |   162 |    92 |       ||   335
       Demon blade       |       |       |       |       |       |    21 |    57 ||    78

Table legend: (Time is in decaauts)
 A = Elapsed time spent in this place.
 B = Non-inter-level travel time spent in this place.
 C = Inter-level travel time spent in this place.
 D = Time resting spent in this place.
 E = Time spent auto-exploring this place.
 F = Levels seen in this place.
 G = Mean time per level.
                   A        B        C        D        E       F      G
               +--------+--------+--------+--------+--------+-----+--------+
         Total |  35613 |  33029 |   2584 |   3468 |  21677 |  37 |  962.5 |
       Dungeon |  14948 |  14050 |    898 |    798 |  10682 |  15 |  996.5 |
          Lair |   7929 |   6808 |   1121 |   1340 |   4058 |   6 | 1321.5 |
        Shoals |   3529 |   3334 |    195 |    394 |   1755 |   4 |  882.2 |
     Snake Pit |   4394 |   4162 |    232 |      9 |   3030 |   4 | 1098.5 |
  Orcish Mines |    763 |    749 |     14 |      5 |    425 |   2 |  381.5 |
   Elven Halls |    563 |    550 |     13 |    170 |    166 |   1 |  563.0 |
        Vaults |   2065 |   1956 |    109 |    212 |   1196 |   2 | 1032.5 |
       Ossuary |    183 |    183 |      0 |      0 |    104 |   1 |  183.0 |
      Ice Cave |    471 |    471 |      0 |      0 |    247 |   1 |  471.0 |
       Volcano |    764 |    764 |      0 |    535 |     11 |   1 |  764.0 |
               +--------+--------+--------+--------+--------+-----+--------+

Top non-repeatable levels by time:
 Snake:4: 1902 daAuts
  Lair:2: 1766 daAuts
    D:12: 1540 daAuts
  Lair:4: 1536 daAuts
     D:2: 1530 daAuts
     D:8: 1459 daAuts
Vaults:1: 1412 daAuts
    D:13: 1370 daAuts
    D:10: 1324 daAuts
  Lair:3: 1288 daAuts
  Lair:1: 1216 daAuts
  Lair:6: 1211 daAuts
Shoals:3: 1157 daAuts
     D:5: 1122 daAuts
     D:1: 1095 daAuts
